| TOP OF THE 1ST |
|
Vermont Lake Monsters batting - Pitching for Everett AquaSox : RHP In Bea
|
|
Pitching: RHP In Bea
|
|
|
Batting: RHB Lu Tieh
|
0-0: SINGLE (Groundball, 56D, EV 107.5 MPH)
|
|
Batting: RHB Ricardo Mariscal
|
0-0: Ball Lu Tieh steals 2nd base (no throw) 1-0: Ball 2-0: DOUBLE (Line Drive, 7LM, EV 108.8 MPH) Lu Tieh scores
|
|
Batting: LHB Henry Hutson
|
0-0: Ball 1-0: Foul Ball, location: 2F 1-1: Ball 2-1: Called Strike 2-2: Fly out, F7 (Flyball, 78D, EV 103.8 MPH) Runner from 2nd tags up, SAFE at 3rd with throw by LF
|
|
Batting: LHB Oscar Rodriguez
|
0-0: Ball 1-0: Foul Ball, location: 2F 1-1: Called Strike 1-2: Strikes out swinging
|
|
Batting: LHB Cy Ostrowski
|
0-0: Called Strike 0-1: Ball 1-1: Swinging Strike 1-2: Foul Ball, location: 2F 1-2: Ground out 4-3 (Groundball, 4, EV 83.8 MPH)
|
| Top of the 1st over - 1 run, 2 hits, 0 errors, 1 left on base; Vermont 1 - Everett 0 |
| BOTTOM OF THE 1ST |
|
Everett AquaSox batting - Pitching for Vermont Lake Monsters : RHP Jesus Moreno
|
|
Pitching: RHP Jesus Moreno
|
|
|
Batting: RHB Kikuo Sato
|
0-0: Called Strike 0-1: Called Strike 0-2: Foul Ball, location: 2F 0-2: SINGLE (Groundball, 23, EV 72.5 MPH) (infield hit)
|
|
Batting: RHB Salvador Avina
|
0-0: Ball Kikuo Sato is caught stealing 2nd base 2-4 1-0: Called Strike 1-1: Ball 2-1: Ground out 5-3 (Groundball, 5S, EV 85.0 MPH)
|
|
Batting: RHB John Peterson
|
0-0: Swinging Strike 0-1: Ball 1-1: Foul Ball, location: 2F 1-2: Foul Ball, location: 2F 1-2: Foul Ball, location: 2F 1-2: Strikes out swinging
|
| Bottom of the 1st over - 0 runs, 1 hit, 0 errors, 0 left on base; Vermont 1 - Everett 0 |
| TOP OF THE 2ND |
|
Vermont Lake Monsters batting - Pitching for Everett AquaSox : RHP In Bea
|
|
Batting: RHB Chris Montgomery
|
0-0: Ball 1-0: Ball 2-0: Ball 3-0: Called Strike 3-1: Swinging Strike 3-2: Base on Balls
|
|
Batting: LHB Mario Cardona
|
0-0: Ball Passed Ball! Chris Montgomery to second 1-0: Called Strike 1-1: Ball 2-1: Foul Ball, location: 2F 2-2: Ground out 5-3 (Groundball, 56, EV 88.1 MPH)
|
|
Batting: RHB Carlos Martinez
|
0-0: Ball 1-0: Ball 2-0: Ball 3-0: Base on Balls
|
|
Batting: RHB Oscar Avila
|
0-0: Swinging Strike 0-1: Called Strike 0-2: Foul Ball, location: 2F 0-2: Ball 1-2: Strikes out looking
|
|
Batting: RHB Lu Tieh
|
0-0: Called Strike 0-1: Ball 1-1: Called Strike 1-2: Ball 2-2: Strikes out swinging
|
| Top of the 2nd over - 0 runs, 0 hits, 0 errors, 2 left on base; Vermont 1 - Everett 0 |
| BOTTOM OF THE 2ND |
|
Everett AquaSox batting - Pitching for Vermont Lake Monsters : RHP Jesus Moreno
|
|
Batting: LHB Jawad Fahad
|
0-0: Foul Ball, location: 2F 0-1: Called Strike 0-2: Ball 1-2: Strikes out looking
|
|
Batting: RHB Hideo Okimura
|
0-0: Called Strike 0-1: Swinging Strike 0-2: Ball 1-2: Foul Ball, location: 2F 1-2: Strikes out looking
|
|
Batting: RHB Josh Mauer
|
0-0: Ground out 5-3 (Groundball, 56, EV 82.5 MPH)
|
| Bottom of the 2nd over - 0 runs, 0 hits, 0 errors, 0 left on base; Vermont 1 - Everett 0 |
| TOP OF THE 3RD |
|
Vermont Lake Monsters batting - Pitching for Everett AquaSox : RHP In Bea
|
|
Batting: RHB Ricardo Mariscal
|
0-0: Called Strike 0-1: Ball 1-1: Swinging Strike 1-2: SINGLE (Groundball, 6, EV 98.8 MPH)
|
|
Batting: LHB Henry Hutson
|
0-0: Ball Ricardo Mariscal steals 2nd base 1-0: Fly out, F5 (Popup, 56S, EV 85.0 MPH)
|
|
Batting: LHB Oscar Rodriguez
|
0-0: Called Strike 0-1: 2-RUN HOME RUN (Flyball, 89XD, EV 96.9 MPH), Distance : 389 ft
|
|
Batting: LHB Cy Ostrowski
|
0-0: Called Strike 0-1: Ball 1-1: Ball 2-1: DOUBLE (Groundball, 5L, EV 101.3 MPH)
|
|
Batting: RHB Chris Montgomery
|
0-0: Ball 1-0: Ball 2-0: Called Strike 2-1: Foul Ball, location: 2F 2-2: Ball 3-2: 2-RUN HOME RUN (Line Drive, 78XD, EV 107.5 MPH), Distance : 405 ft
|
|
Batting: LHB Mario Cardona
|
0-0: Called Strike 0-1: Swinging Strike 0-2: Ball 1-2: Strikes out swinging
|
|
Batting: RHB Carlos Martinez
|
0-0: Ball 1-0: Ball 2-0: Called Strike 2-1: SINGLE (Flyball, 89S, EV 91.9 MPH)
|
|
Batting: RHB Oscar Avila
|
0-0: Ball Carlos Martinez steals 2nd base 1-0: Called Strike 1-1: Ball 2-1: Foul Ball, location: 2F 2-2: SINGLE (Line Drive, 4MD, EV 104.4 MPH) Carlos Martinez to third Runner from 3rd tries for Home, SAFE, throw by CF to home
|
|
Pitching: RHP Stewart Wilson
|
|
|
Batting: RHB Lu Tieh
|
0-0: Ball 1-0: SINGLE (Groundball, 56S, EV 68.8 MPH) (infield hit) Oscar Avila to second
|
|
Batting: RHB Ricardo Mariscal
|
0-0: Ball 1-0: Fly out, F9 (Flyball, 9LS, EV 86.3 MPH)
|
| Top of the 3rd over - 5 runs, 7 hits, 0 errors, 2 left on base; Vermont 6 - Everett 0 |
| BOTTOM OF THE 3RD |
|
Everett AquaSox batting - Pitching for Vermont Lake Monsters : RHP Jesus Moreno
|
|
Batting: LHB David Walker
|
0-0: Foul Ball, location: 2F 0-1: Ball 1-1: Swinging Strike 1-2: Foul Ball, location: 2F 1-2: Ground out U3 (Groundball, 3, EV 82.5 MPH)
|
|
Batting: RHB Clay Statum
|
0-0: Foul Ball, location: 2F 0-1: Swinging Strike 0-2: Foul Ball, location: 2F 0-2: Ball 1-2: Foul Ball, location: 2F 1-2: Strikes out looking
|
|
Batting: SHB Raghnall Ahearne
|
0-0: Called Strike 0-1: Ball 1-1: Foul Ball, location: 2F 1-2: Strikes out swinging
|
| Bottom of the 3rd over - 0 runs, 0 hits, 0 errors, 0 left on base; Vermont 6 - Everett 0 |
| TOP OF THE 4TH |
|
Vermont Lake Monsters batting - Pitching for Everett AquaSox : RHP Stewart Wilson
|
|
Batting: LHB Henry Hutson
|
0-0: DOUBLE (Line Drive, 7LM, EV 98.8 MPH)
|
|
Batting: LHB Oscar Rodriguez
|
0-0: Ball 1-0: Ball 2-0: Ball 3-0: Base on Balls
|
|
Batting: LHB Cy Ostrowski
|
0-0: Ball 1-0: Foul Ball, location: 2F 1-1: Fly out, F8 (Flyball, 8LD, EV 87.5 MPH)
|
|
Batting: RHB Chris Montgomery
|
0-0: Called Strike 0-1: Foul Ball, location: 2F 0-2: SINGLE (Flyball, 56D, EV 89.4 MPH) Henry Hutson to third Oscar Rodriguez to second
|
|
Batting: LHB Mario Cardona
|
0-0: Ball 1-0: Foul Ball, location: 2F 1-1: Foul Ball, location: 2F 1-2: Fielders Choice at 2nd, 6-4 (Groundball, 6, EV 105.0 MPH) Henry Hutson scores Oscar Rodriguez to third
|
|
Batting: RHB Carlos Martinez
|
0-0: Called Strike 0-1: Foul Ball, location: 2F 0-2: Ball 1-2: Ground out 2-3 (Groundball, 13S, EV 68.8 MPH)
|
| Top of the 4th over - 1 run, 2 hits, 0 errors, 2 left on base; Vermont 7 - Everett 0 |
| BOTTOM OF THE 4TH |
|
Everett AquaSox batting - Pitching for Vermont Lake Monsters : RHP Jesus Moreno
|
|
Batting: RHB Kikuo Sato
|
0-0: Fly out, F7 (Flyball, 7D, EV 97.5 MPH)
|
|
Batting: RHB Salvador Avina
|
0-0: Ball 1-0: Foul Ball, location: 2F 1-1: DOUBLE (Groundball, 5L, EV 107.5 MPH)
|
|
Batting: RHB John Peterson
|
0-0: Fly out, F9 (Flyball, 89S, EV 87.5 MPH)
|
|
Batting: LHB Jawad Fahad
|
0-0: Fly out, F3 (Popup, 3L, EV 74.4 MPH)
|
| Bottom of the 4th over - 0 runs, 1 hit, 0 errors, 1 left on base; Vermont 7 - Everett 0 |
| TOP OF THE 5TH |
|
Vermont Lake Monsters batting - Pitching for Everett AquaSox : RHP Stewart Wilson
|
|
Batting: RHB Oscar Avila
|
0-0: Ball 1-0: Reached on error, E3 (Groundball, 34, EV 90.0 MPH)
|
|
Batting: RHB Lu Tieh
|
0-0: SINGLE (Groundball, 6D, EV 107.5 MPH) Oscar Avila to second
|
|
Batting: RHB Ricardo Mariscal
|
0-0: Called Strike 0-1: Ball 1-1: Ball 2-1: Foul Ball, location: 2F 2-2: DOUBLE (Line Drive, 78XD, EV 106.9 MPH) Oscar Avila scores Lu Tieh to third Runner from 3rd tries for Home, SAFE, no throw by LF
|
|
Batting: LHB Henry Hutson
|
0-0: Swinging Strike 0-1: Called Strike 0-2: Strikes out swinging
|
|
Batting: LHB Oscar Rodriguez
|
0-0: Called Strike 0-1: SINGLE (Groundball, 4D, EV 96.3 MPH) Ricardo Mariscal to third Runner from 3rd tries for Home, SAFE, throw by RF to home
|
|
Batting: LHB Cy Ostrowski
|
0-0: Ball 1-0: Ball 2-0: Called Strike 2-1: Foul Ball, location: 2F 2-2: Foul Ball, location: 2F 2-2: Strikes out looking
|
|
Batting: RHB Chris Montgomery
|
0-0: Ball 1-0: Ball 2-0: Called Strike 2-1: Foul Ball, location: 2F 2-2: Ground out 3-1 (Groundball, 34, EV 85.0 MPH)
|
| Top of the 5th over - 3 runs, 3 hits, 1 error, 1 left on base; Vermont 10 - Everett 0 |
| BOTTOM OF THE 5TH |
|
Everett AquaSox batting - Pitching for Vermont Lake Monsters : RHP Jesus Moreno
|
|
Batting: RHB Hideo Okimura
|
0-0: Ball 1-0: Foul Ball, location: 2F 1-1: Swinging Strike 1-2: Ball 2-2: Foul Ball, location: 2F 2-2: Foul Ball, location: 2F 2-2: Strikes out swinging
|
|
Batting: RHB Josh Mauer
|
0-0: DOUBLE (Groundball, 5L, EV 106.9 MPH)
|
|
Batting: LHB David Walker
|
0-0: Ball 1-0: DOUBLE (Line Drive, 78D, EV 106.9 MPH) Josh Mauer scores
|
|
Batting: RHB Clay Statum
|
0-0: Ball 1-0: Ball 2-0: Swinging Strike 2-1: Foul Ball, location: 2F 2-2: Ball 3-2: Base on Balls
|
|
Batting: SHB Raghnall Ahearne
|
0-0: Foul Ball, location: 2F 0-1: Swinging Strike 0-2: Grounds into double play, 4-6-3 (Groundball, 4, EV 105.6 MPH)
|
| Bottom of the 5th over - 1 run, 2 hits, 0 errors, 1 left on base; Vermont 10 - Everett 1 |
| TOP OF THE 6TH |
|
Vermont Lake Monsters batting - Pitching for Everett AquaSox : RHP Stewart Wilson
|
|
Pitching: RHP David Sawyer
|
|
|
Batting: LHB Mario Cardona
|
0-0: Ball 1-0: Called Strike 1-1: Called Strike 1-2: Ball 2-2: Foul Ball, location: 2F 2-2: Strikes out swinging
|
|
Batting: RHB Carlos Martinez
|
0-0: Called Strike 0-1: Swinging Strike 0-2: Strikes out looking
|
|
Batting: RHB Oscar Avila
|
0-0: Called Strike 0-1: SINGLE (Groundball, 56D, EV 100.0 MPH)
|
|
Batting: RHB Lu Tieh
|
0-0: Fly out, F7 (Flyball, 7S, EV 85.0 MPH)
|
| Top of the 6th over - 0 runs, 1 hit, 0 errors, 1 left on base; Vermont 10 - Everett 1 |
| BOTTOM OF THE 6TH |
|
Everett AquaSox batting - Pitching for Vermont Lake Monsters : RHP Jesus Moreno
|
|
Batting: RHB Kikuo Sato
|
0-0: Called Strike 0-1: Hit by Pitch
|
|
Batting: RHB Salvador Avina
|
0-0: Called Strike 0-1: Foul Ball, location: 2F 0-2: SINGLE (Groundball, 6D, EV 112.5 MPH) Kikuo Sato to second
|
|
Batting: RHB John Peterson
|
0-0: Foul Ball, location: 2F 0-1: Grounds into double play, 6-4-3 (Groundball, 6, EV 80.0 MPH) Kikuo Sato to third
|
|
Batting: LHB Jawad Fahad
|
0-0: Ball 1-0: Ground out 6-3 (Groundball, 6, EV 88.1 MPH)
|
| Bottom of the 6th over - 0 runs, 1 hit, 0 errors, 1 left on base; Vermont 10 - Everett 1 |
| TOP OF THE 7TH |
|
Vermont Lake Monsters batting - Pitching for Everett AquaSox : RHP David Sawyer
|
|
Batting: RHB Ricardo Mariscal
|
0-0: Ball 1-0: Ball 2-0: Called Strike 2-1: Foul Ball, location: 2F 2-2: Ball 3-2: Base on Balls
|
|
Batting: LHB Henry Hutson
|
0-0: Called Strike 0-1: Foul Ball, location: 2F 0-2: Ball 1-2: Ball 2-2: Ball 3-2: Ground out 6-3 (Groundball, 6, EV 87.5 MPH) Ricardo Mariscal to second
|
|
Batting: LHB Oscar Rodriguez
|
0-0: Ball 1-0: Swinging Strike 1-1: Called Strike 1-2: Strikes out swinging
|
|
Batting: LHB Cy Ostrowski
|
0-0: Ball 1-0: Ball 2-0: Ball 3-0: Base on Balls
|
|
Batting: RHB Chris Montgomery
|
0-0: Ball 1-0: Called Strike 1-1: Swinging Strike 1-2: Foul Ball, location: 2F 1-2: Foul Ball, location: 2F 1-2: Ball 2-2: Ball 3-2: Foul Ball, location: 2F 3-2: Foul Ball, location: 2F 3-2: Foul Ball, location: 2F 3-2: Foul Ball, location: 2F 3-2: Base on Balls Ricardo Mariscal to third Cy Ostrowski to second
|
|
Pitching: LHP Mike Stewart
|
|
|
Batting: LHB Mario Cardona
|
0-0: Ball 1-0: Called Strike 1-1: Called Strike 1-2: Strikes out swinging
|
| Top of the 7th over - 0 runs, 0 hits, 0 errors, 3 left on base; Vermont 10 - Everett 1 |
| BOTTOM OF THE 7TH |
|
Everett AquaSox batting - Pitching for Vermont Lake Monsters : RHP Jesus Moreno
|
|
Batting: RHB Hideo Okimura
|
0-0: Ball 1-0: Fly out, F9 (Line Drive, 9D, EV 96.9 MPH)
|
|
Pitching: RHP Francisco Santiago
|
|
|
Batting: RHB Josh Mauer
|
0-0: Ball 1-0: Ball 2-0: Ball 3-0: Base on Balls
|
|
Batting: LHB David Walker
|
0-0: Called Strike 0-1: Ball 1-1: Ball 2-1: Fielders Choice at 2nd, 4-6 (Groundball, 4, EV 86.3 MPH)
|
|
Batting: RHB Clay Statum
|
Pickoff Throw to First - Out! 1-3
|
| Bottom of the 7th over - 0 runs, 0 hits, 0 errors, 0 left on base; Vermont 10 - Everett 1 |
| TOP OF THE 8TH |
|
Vermont Lake Monsters batting - Pitching for Everett AquaSox : LHP Mike Stewart
|
|
Batting: RHB Carlos Martinez
|
0-0: Ball 1-0: Foul Ball, location: 2F 1-1: Called Strike 1-2: Foul Ball, location: 2F 1-2: Foul Ball, location: 2F 1-2: Foul Ball, location: 2F 1-2: Strikes out swinging
|
|
Batting: RHB Oscar Avila
|
0-0: Called Strike 0-1: Ball 1-1: Foul Ball, location: 2F 1-2: Foul Ball, location: 2F 1-2: Ball 2-2: Strikes out swinging
|
|
Batting: RHB Lu Tieh
|
0-0: Ground out 6-3 (Groundball, 56, EV 106.3 MPH)
|
| Top of the 8th over - 0 runs, 0 hits, 0 errors, 0 left on base; Vermont 10 - Everett 1 |
| BOTTOM OF THE 8TH |
|
Everett AquaSox batting - Pitching for Vermont Lake Monsters : RHP Francisco Santiago
|
|
Batting: RHB Clay Statum
|
0-0: Called Strike 0-1: Called Strike 0-2: Ball 1-2: Ball 2-2: Strikes out swinging
|
|
Batting: SHB Raghnall Ahearne
|
0-0: Ball 1-0: Ball 2-0: Ball 3-0: Base on Balls
|
|
Pinch Hitting: SHB Ryan Clark
|
0-0: Ball Passed Ball! Raghnall Ahearne to second 1-0: Called Strike 1-1: Swinging Strike 1-2: Ball 2-2: Strikes out looking
|
|
Batting: RHB Salvador Avina
|
0-0: Ball 1-0: Swinging Strike 1-1: Called Strike 1-2: Foul Ball, location: 2F 1-2: Ball 2-2: Ball 3-2: Strikes out swinging
|
| Bottom of the 8th over - 0 runs, 0 hits, 0 errors, 1 left on base; Vermont 10 - Everett 1 |
| TOP OF THE 9TH |
|
Vermont Lake Monsters batting - Pitching for Everett AquaSox : LHP Mike Stewart
|
|
Now at SS: Ryan Clark
|
|
|
Batting: RHB Ricardo Mariscal
|
0-0: Ball 1-0: Ball 2-0: Called Strike 2-1: Ball 3-1: Called Strike 3-2: Base on Balls
|
|
Batting: LHB Henry Hutson
|
0-0: Ball 1-0: Called Strike 1-1: Ball 2-1: Foul Ball, location: 2F 2-2: DOUBLE (Line Drive, 78XD, EV 108.1 MPH) Ricardo Mariscal to third
|
|
Pitching: LHP Umberto van der Vleuten
|
|
|
Batting: LHB Oscar Rodriguez
|
0-0: Foul Ball, location: 2F 0-1: Swinging Strike 0-2: Strikes out looking
|
|
Batting: LHB Cy Ostrowski
|
0-0: Foul Ball, location: 2F 0-1: Foul Ball, location: 2F 0-2: Foul Ball, location: 2F 0-2: Ground out 6-3 (Groundball, 56, EV 78.1 MPH) Ricardo Mariscal scores
|
|
Batting: RHB Chris Montgomery
|
0-0: Ball 1-0: Swinging Strike 1-1: Called Strike 1-2: DOUBLE (Line Drive, 78D, EV 110.6 MPH) Henry Hutson scores
|
|
Pinch Hitting: RHB Luis Restrepo
|
0-0: Foul Ball, location: 2F 0-1: Ball 1-1: Swinging Strike 1-2: Ball 2-2: Ground out U3 (Groundball, 3, EV 93.8 MPH)
|
| Top of the 9th over - 2 runs, 2 hits, 0 errors, 1 left on base; Vermont 12 - Everett 1 |
| BOTTOM OF THE 9TH |
|
Everett AquaSox batting - Pitching for Vermont Lake Monsters : RHP Francisco Santiago
|
|
Now at SS: Yasuzo Rin
|
|
|
Batting: RHB John Peterson
|
0-0: Ball 1-0: Swinging Strike 1-1: Ball 2-1: Called Strike 2-2: Ball 3-2: Ground out 4-3 (Groundball, 4, EV 103.8 MPH)
|
|
Batting: LHB Jawad Fahad
|
0-0: Fly out, F9 (Flyball, 9LM, EV 93.8 MPH)
|
|
Batting: RHB Hideo Okimura
|
0-0: Ball 1-0: Ball 2-0: Called Strike 2-1: SINGLE (Groundball, 6S, EV 99.4 MPH)
|
|
Batting: RHB Josh Mauer
|
0-0: Ball 1-0: DOUBLE (Groundball, 3L, EV 107.5 MPH) Hideo Okimura to third
|
|
Batting: LHB David Walker
|
0-0: Ball 1-0: Foul Ball, location: 2F 1-1: Ball Wild Pitch! Hideo Okimura scores Josh Mauer to third 2-1: Foul Ball, location: 2F 2-2: Ball 3-2: Foul Ball, location: 2F 3-2: Foul Ball, location: 2F 3-2: Fly out, F8 (Flyball, 8LD, EV 89.4 MPH)
|
| Bottom of the 9th over - 1 run, 2 hits, 0 errors, 1 left on base; Vermont 12 - Everett 2 |
|